 Dungeon Crawl Stone Soup version 0.31.0-12-g77e489cdc1 (webtiles) character file.

Game seed: 6633635073292387133

35 PriceMaster the Digger (level 3, -1/21 HPs)
             Began as an Octopode Earth Elementalist on Mar 1, 2024.
             Slain by a hobgoblin (6 damage)
             ... led by Robin
             ... on level 2 of the Dungeon.
             The game lasted 00:02:05 (1038 turns).

PriceMaster the Digger (OpEE)                       Turns: 1038, Time: 00:02:05

Health: -1/21      AC:  1    Str:  7    XL:     3   Next: 35%
Magic:  3/6        EV: 13    Int: 19    God:
Gold:   87         SH:  0    Dex: 12    Spells: 6/7 levels left

rFire   . . .        f - +2 dagger (distort)
rCold   . . .        (no shield)
rNeg    . . .        (helmet restricted)
rPois   .            (no amulet)
rElec   .            (no ring)
rCorr   .            (no ring)
SInv    .            (no ring)
Will    .....        (no ring)
Stlth   +++          (no ring)
HPRegen 0.23/turn    (no ring)
MPRegen 0.10/turn    (no ring)
                     (no ring)

%: no passive effects
@: hasted, very quick
A: almost no armour, amphibious, 8 rings, camouflage 1, gelatinous body 1,
(nimble swimmer 1), tentacles
a: no special abilities


You were on level 2 of the Dungeon.
You visited 1 branch of the dungeon, and saw 2 of its levels.

You collected 87 gold pieces.

Inventory:

Hand Weapons
 c - a +0 dagger
 f - a +2 dagger of distortion (weapon)
Wands
 h - a wand of roots (14)
Scrolls
 b - a scroll of butterflies
 d - 2 scrolls of amnesia {unknown}
 e - a scroll of identify
Potions
 a - 2 potions of magic
 g - a potion of attraction {unknown}


   Skills:
 * Level 0.1 Fighting
 + Level 2.2 Dodging
 + Level 2.9 Stealth
 + Level 2.5 Spellcasting
 + Level 1.1 Conjurations
 * Level 3.6 Earth Magic


You had 6 spell levels left.
You knew the following spells:

 Your Spells              Type           Power      Damage    Failure   Level
a - Sandblast             Erth           32%        2d9       3%          1

Your spell library contained the following spells:

 Spells                   Type           Power      Damage    Failure   Level
 Passwall                 Erth           16%        N/A       11%         3
 Summon Small Mammal      Summ           8%         N/A       16%         1
 Stone Arrow              Conj/Erth      22%        3d8       19%         3
 Call Canine Familiar     Summ           2%         N/A       43%         3
 Brom's Barrelling Bould  Conj/Erth      11%        2d3       52%         4
 Petrify                  Alch/Erth      9%         N/A       58%         4
 Summon Blazeheart Golem  Fire/Summ      2%         N/A       85%         4


Dungeon Overview and Level Annotations

Branches:
Dungeon (2/15)

Altars:

Annotations:
D:2 Robin


Innate Abilities, Weirdness & Mutations

You cannot wear most types of armour.
You are amphibious.
You can wear up to eight rings at the same time.
Your skin changes colour to match your surroundings (Stealth+).
Your rubbery body absorbs attacks. (AC +1, EV +1)
((You are camouflaged when in or above water. (Stealth+)))
You have tentacles for arms and can constrict up to eight enemies at once.


Message History

A hobgoblin comes into view.
A goblin comes into view. It is wielding a +0 dagger.
Robin throws the goblin at you!
A goblin comes into view. It is wielding a +0 club.
A hobgoblin comes into view.
Robin throws the goblin at you!
A goblin comes into view. It is wielding a +0 dagger.
The goblin hits you with a +0 dagger.
It was a potion of haste.
You feel yourself speed up. The goblin barely misses you. x2
Casting: Sandblast (safe; 3% risk of failure)
Confirm with . or Enter, or press ? or * to list all spells.
Aiming: Sandblast (safe; 3% risk of failure)
Press: ? - help, Shift-Dir - straight line, f - goblin, p - goblin
Aim: a goblin, wielding a +2 dagger of distortion (77% to hit)
The blast of sand hits the goblin.
You kill the goblin!
The goblin completely misses you. The goblin hits you but does no damage.
The goblin hits you with a +0 dagger.
A goblin comes into view. It is wielding a +0 club.
A goblin comes into view. It is wielding a +0 club.
The goblin shouts!
You hear a loud squeak.
A hobgoblin and a rat come into view.
The goblin closely misses you. The goblin hits you with a +0 dagger.
You see here a +2 dagger of distortion.
f - a +2 dagger of distortion The goblin shouts! x2
The goblin hits you with a +0 club. The goblin hits you with a +0 dagger.
* * * LOW HITPOINT WARNING * * *
Robin roars a battlecry!
The goblins go into a battle-frenzy!
Space warps around you for a moment!
f - a +2 dagger of distortion (weapon)
As you read the scroll labelled ARASALELATH, it crumbles to dust.
It is a scroll of identify.
b - a scroll of butterflies The goblin barely misses you.
The goblin hits you with a +0 dagger.
* * * LOW HITPOINT WARNING * * *
The hobgoblin hits you.
You die...

... #.# #..... #.#####.#
#..... #...#..<###.....
#####..†####...... ##
#(..##..#...).....
...####.........###.....
...g...........## #.....
...g.ggg.......####.....
..gr.g.@gg..<...........
.######gg..........#....
......................
#####.....<......#####
####.........#
#.....##### #.....#
#.....# #######


You could see Robin, 3 hobgoblins, 7 goblins and a rat.

Vanquished Creatures
  A ball python (D:2)
  4 bats (D:1)
  3 endoplasms
  2 giant cockroaches
  5 goblins
  2 hobgoblins
  4 jackals (D:1)
  3 quokkas (D:1)
  A frilled lizard (D:1)
  A kobold (D:2)
  4 rats (D:1)
30 creatures vanquished.

Notes
Turn   | Place    | Note
-------+----------+-------------------------------------------
     0 | D:1      | PriceMaster the Octopode Earth Elementalist began the quest
                  | for the Orb.
     0 | D:1      | Reached XP level 1. HP: 11/11 MP: 3/3
   135 | D:1      | Reached XP level 2. HP: 7/17 MP: 0/5
   558 | D:1      | Reached XP level 3. HP: 21/21 MP: 6/6
  1029 | D:2      | Noticed Robin
  1038 | D:2      | Slain by a hobgoblin

Illustrated notes

Levels and vault maps discovered:
D:1:      minmay_arrival_four_circles, layout_basic
D:2:      layout_rooms, basic_altar, serial_shops, shop, uniq_jessica,
          uniq_robin, uniq_terence

Action                     || total
---------------------------++-------
  Melee: Unarmed           ||     9
         Constrict         ||     3
         Dagger            ||     8
         Tentacles         ||     1
   Cast: Sandblast         ||    31
    Use: Scroll            ||     1
         Potion            ||     1
   Stab: Sleeping          ||     2
 Armour: Skin              ||    22
  Dodge: Dodged            ||    22
